 Dungeon Crawl Stone Soup version 0.28.0-53-g5a82cb258f (webtiles) character file.

Game seed: 13685768279628238265

9688 Jerry the Fighter (level 11, -5/60 HPs)
             Began as a Vine Stalker Fighter on July 30, 2022.
             Was a Follower of Uskayaw.
             Slain by a two-headed ogre
             ... wielding the +10 dark maul {vorpal}
              (7 damage)
             ... on level 9 of the Dungeon.
             The game lasted 00:36:21 (8723 turns).

Jerry the Fighter (Vine Stalker Fighter)            Turns: 8723, Time: 00:36:21

Health: -5/60      AC: 14    Str: 21    XL:     11   Next: 50%
Magic:  0/17       EV:  9    Int: 12    God:    Uskayaw [*.....]
Gold:   527        SH:  6    Dex: 18    Spells: 10/10 levels left

rFire   . . .      SeeInvis .   u - +3 short sword (elec)
rCold   . . .      Faith    .   c - +0 buckler
rNeg    . . .      Spirit   +   r - +2 scale mail of Lozyh {Rampage rPois}
rPois   +          Reflect  .   d - +0 helmet
rElec   .          Harm     .   b - +0 cloak
rCorr   .          Rampage  +   (no gloves)
Will    +....                   m - +0 pair of boots
Stlth   ..........              f - amulet "Nintede" {rPois Regen+ Int+4 Dex+2}
HPRegen 1.80/turn               (no ring)
MPRegen 0.15/turn               (no ring)

@: no status effects
A: fangs 3, regeneration 1, magic shield, antimagic bite, no potion heal 2
a: Renounce Religion, Stomp


You were on level 9 of the Dungeon.
You worshipped Uskayaw.
Uskayaw was noncommittal.
You visited 2 branches of the dungeon, and saw 10 of its levels.
You also visited: Ossuary.

You collected 527 gold pieces.

Inventory:

Hand Weapons
 a - a +0 rapier
 p - a +1 scimitar of holy wrath
 u - a +3 short sword of electrocution (weapon)
Missiles
 j - 9 poisoned darts (quivered)
 k - 2 throwing nets
Armour
 b - a +0 cloak (worn)
 c - a +0 buckler (worn)
 d - a +0 helmet (worn)
 m - a +0 pair of boots (worn)
 r - the +2 scale mail of Lozyh (worn) {Rampage rPois}
   (You found it on level 5 of the Dungeon)

   rPois:     It protects you from poison.
   Rampage:   It bestows one free step when moving towards enemies.
 y - a +0 kite shield
Jewellery
 f - the amulet "Nintede" (around neck) {rPois Regen+ Int+4 Dex+2}
   (You acquired it on level 3 of the Dungeon)

   [amulet of regeneration]

   Int:       It affects your intelligence (+4).
   Dex:       It affects your dexterity (+2).
   rPois:     It protects you from poison.
   Regen:     It increases your rate of health regeneration.
Wands
 n - a wand of iceblast (14)
 t - a wand of polymorph (27)
 v - a wand of digging (6)
 G - a wand of flame (6)
 H - a wand of charming (3)
 J - a wand of mindburst (13)
Scrolls
 h - a scroll of identify
 w - 4 scrolls of teleportation
 A - 5 scrolls of vulnerability
 B - 5 scrolls of fog
 I - a scroll of magic mapping
Potions
 e - 7 potions of flight
 g - 3 potions of ambrosia
 i - a potion of invisibility
 l - a potion of magic
 o - 2 potions of resistance
 q - 2 potions of heal wounds {unknown}
 s - 2 potions of attraction
 x - 7 potions of curing {unknown}
 C - a potion of brilliance
 D - a potion of haste


   Skills:
 + Level 8.8 Fighting
 + Level 8.6 Short Blades
 + Level 8.1 Armour
 - Level 5.0 Shields
 + Level 6.7 Invocations


You had 10 spell levels left.
You didn't know any spells.
Your spell library contained the following spells:

 Spells                   Type           Power      Damage    Failure   Level
 Foxfire                  Conj/Fire      0%         2x1d4     71%         1
 Slow                     Hex            0%         N/A       71%         1
 Confusing Touch          Hex            0%         N/A       97%         3
 Conjure Flame            Conj/Fire      0%         6-21      97%         3
 Inner Flame              Hex/Fire       0%         N/A       97%         3
 Vampiric Draining        Necr           0%         2d6       97%         3
 Flame Wave               Conj/Fire      0%         2d4       100%        4


Dungeon Overview and Level Annotations

Branches:
Dungeon (9/15)             Temple (1/1) D:6            Lair (0/6) D:9
Ossuary (visited)
    Orc: D:9-12

Altars:
Ashenzari
Cheibriados
Dithmenos
Elyvilon
Gozag
Hepliaklqana
Kikubaaqudgha
Makhleb
Nemelex Xobeh
Okawaru
Qazlal
Ru
Trog
Uskayaw
Vehumet
Wu Jian
Xom
Yredelemnul
Zin
The Shining One

Shops:
D:5 :   D:9 [

Annotations:
D:4 2 transporters, Sigmund; kalagan's ghost, amateur DECj


Innate Abilities, Weirdness & Mutations

You have razor-sharp teeth.
Your natural rate of healing is unusually fast.
When hurt, damage is shared between your health and your magic reserves.
Your bite disrupts and absorbs the magic of your enemies.
Potions cannot restore your health.


Message History

A two-headed ogre comes into view.
It is wielding the +10 dark maul {vorpal} and a +0 giant spiked club.
The two-headed ogre shouts in stereo!
You throw a poisoned dart.
The poisoned dart hits the two-headed ogre.
The two-headed ogre is poisoned.
You throw a poisoned dart.
The poisoned dart hits the two-headed ogre.
You can no longer pass through a line of other dancers.
You hit the two-headed ogre.
Lightning courses through the two-headed ogre!
You bite the two-headed ogre, but do no damage.
The two-headed ogre is moderately wounded.
The two-headed ogre hits you with the +10 dark maul {vorpal}!!!
Ouch! That really hurt!
The two-headed ogre hits you with a +0 giant spiked club!
* * * LOW HITPOINT WARNING * * *
You can now pass through a line of other dancers.
The two-headed ogre looks more healthy.
You can no longer pass through a line of other dancers.
There is a large open door here.
You see here 4 large rocks.
There is a large open door here.
You hit the two-headed ogre but do no damage.
You bite the two-headed ogre. You drain its power.
You feel invigorated.
The two-headed ogre is heavily wounded.
You block the two-headed ogre's attack.
The two-headed ogre hits you with a +0 giant spiked club!
You barely miss the two-headed ogre. You bite the two-headed ogre.
You drain its power.
You feel invigorated.
The two-headed ogre is heavily wounded.
You hit the two-headed ogre. Your bite misses the two-headed ogre.
The two-headed ogre is heavily wounded.
The two-headed ogre hits you with the +10 dark maul {vorpal}!
The two-headed ogre closely misses you.
You hit the two-headed ogre.
Lightning courses through the two-headed ogre!
The two-headed ogre is severely wounded.
The two-headed ogre hits you with the +10 dark maul {vorpal}!!!
* * * LOW HITPOINT WARNING * * *
You die...

.........#..#..##.#.#
...#.#...#(.#(.##...#
.........#..#.)###..#
.........#..#..###..#
............#..#....#
#############''###.##
#.......##..# #.#
#.......##..###.#
##.......##..O@..#
#......#####.#..##
###.###..#####.##.##
....###......###...###
##..##.......#≈≈...≈≈#
.......#.#####≈..♣..≈##
##..####.# ##.........##
##.......###...♣._.♣...#
...####................#


You could see a two-headed ogre.

Vanquished Creatures
  2 two-headed ogres (D:9)
  An orc knight (D:9)
  2 cyclopes (D:9)
  A troll (D:8)
  A hornet (D:8)
  4 slime creatures (D:7)
  2 wyverns
  A wraith (Ossuary)
  14 yaks
  A basilisk (D:8)
  5 water moccasins
  2 orc warriors
  3 black bears (D:8)
  A sky beast (D:8)
  2 necrophages
  An ice beast (D:7)
  2 wolves (D:8)
  2 centaurs (D:8)
  An ogre (D:7)
  2 phantoms (D:6)
  A wyvern zombie (D:5)
  7 wights
  An electric eel (D:9)
  3 hounds
  2 jellies
  2 gnoll shamans
  4 orc priests
  Crazy Yiuf (D:2)
  2 bullfrog skeletons
  A centaur skeleton (D:6)
  4 iguanas
  4 orc wizards
  A killer bee zombie (D:8)
  A hound skeleton (D:5)
  3 mummies (Ossuary)
  A howler monkey zombie (D:8)
  12 gnolls
  10 adders
  A shadow imp (D:7)
  A white imp (D:6)
  An ufetubus (D:6)
  2 worms
  2 dart slugs (D:2)
  21 orcs
  7 endoplasms
  6 giant cockroaches
  8 goblins
  12 hobgoblins
  4 jackals (D:1)
  2 quokkas
  11 ball pythons
  6 bats
  8 frilled lizards
  A gnoll zombie (Ossuary)
  4 goblin zombies (Ossuary)
  3 hobgoblin zombies (Ossuary)
  6 kobolds
  3 kobold zombies (Ossuary)
  11 rats
230 creatures vanquished.

Vanquished Creatures (others)
  A wizard (D:6)
  Ijyb (D:5)
  A quokka (D:9)
  3 plants (D:9)
  2 withered plants (D:1)
8 creatures vanquished.

Grand Total: 238 creatures vanquished

Notes
Turn   | Place    | Note
-------+----------+-------------------------------------------
     0 | D:1      | Jerry the Vine Stalker Fighter began the quest for the Orb.
     0 | D:1      | Reached XP level 1. HP: 11/11 MP: 2/2
    86 | D:1      | Reached XP level 2. HP: 16/16 MP: 3/3
   475 | D:1      | Reached XP level 3. HP: 10/19 MP: 1/4
   791 | D:1      | Found a faded altar of an unknown god.
  1051 | D:2      | Gained mutation: Your natural rate of healing is unusually
                  | fast. [Vine Stalker growth]
  1051 | D:2      | Reached XP level 4. HP: 17/24 MP: 2/5
  1411 | D:2      | Identified the +3 ring mail of the Inquisitive Places
                  | {Dex+4}
  1423 | D:2      | Found a runed translucent door.
  1424 | D:2      | Noticed Crazy Yiuf
  1887 | D:2      | Killed Crazy Yiuf
  1888 | D:2      | Reached XP level 5. HP: 28/28 MP: 6/6
  2140 | D:3      | Found a shimmering altar of Xom.
  2268 | D:3      | Reached XP level 6. HP: 16/33 MP: 3/7
  2336 | D:3      | Found an iron altar of Okawaru.
  2683 | D:3      | Identified a scroll of acquirement
  2683 | D:3      | Acquired the amulet "Nintede" {rPois Regen+ Int+4 Dex+2}
  2757 | D:4      | Found a transporter.
  2761 | D:4      | Noticed kalagan's ghost (amateur DECj)
  2764 | D:4      | Found a transporter.
  2766 | D:4      | Noticed Sigmund
  2791 | D:4      | Found a sand-covered staircase.
  2863 | Ossuary  | Entered an ossuary
  2863 | Ossuary  | Noticed a wraith
  2863 | Ossuary  | Noticed a wraith
  2863 | Ossuary  | Noticed a wraith
  3083 | Ossuary  | Noticed a wraith
  3092 | Ossuary  | Killed a wraith
  3093 | Ossuary  | Reached XP level 7. HP: 37/37 MP: 5/8
  3543 | D:4      | Found a radiant altar of Vehumet.
  3579 | D:4      | Found a burning altar of Makhleb.
  3582 | D:4      | Found an opulent altar of Gozag.
  3821 | D:5      | Entered Level 5 of the Dungeon
  3821 | D:5      | Found Wedoud's Book Shoppe.
  3855 | D:5      | Identified the +1 plate armour of Duty {Will+}
  4015 | D:5      | Noticed a yak
  4016 | D:5      | Noticed a yak
  4017 | D:5      | Noticed a yak
  4035 | D:5      | Noticed a yak
  4036 | D:5      | Noticed a yak
  4037 | D:5      | Killed a yak
  4039 | D:5      | Killed a yak
  4040 | D:5      | Gained mutation: You have razor-sharp teeth. [Vine Stalker
                  | growth]
  4040 | D:5      | Reached XP level 8. HP: 38/42 MP: 9/9
  4049 | D:5      | Killed a yak
  4050 | D:5      | Reached skill level 5 in Fighting
  4050 | D:5      | Reached skill level 5 in Shields
  4051 | D:5      | Killed a yak
  4054 | D:5      | Killed a yak
  4055 | D:5      | Reached skill level 5 in Short Blades
  4055 | D:5      | Reached skill level 5 in Armour
  4578 | D:5      | Noticed Ijyb
  4583 | D:5      | Killed Ijyb
  4694 | D:5      | Identified the +2 scale mail of Lozyh {Rampage rPois}
  5155 | D:6      | Reached XP level 9. HP: 48/48 MP: 10/10
  5169 | D:6      | Found a staircase to the Ecumenical Temple.
  5178 | Temple   | Entered the Ecumenical Temple
  5404 | Temple   | Became a worshipper of Uskayaw the Reveller
  5441 | D:6      | Reached * piety under Uskayaw
  5454 | D:6      | Reached ** piety under Uskayaw
  5457 | D:6      | Reached *** piety under Uskayaw
  5509 | D:6      | Reached skill level 1 in Invocations
  5526 | D:6      | Found a bloodstained altar of Trog.
  5528 | D:6      | Noticed a wizard
  5533 | D:6      | Killed a wizard
  5780 | D:6      | Found a hazy altar of Hepliaklqana.
  5871 | D:6      | Reached **** piety under Uskayaw
  5874 | D:6      | Identified the +2 ring mail "Wonyer" {Dex+2}
  6341 | D:7      | Killed a large slime creature
  6440 | D:7      | Found a sparkling altar of Nemelex Xobeh.
  6915 | D:7      | Reached XP level 10. HP: 36/55 MP: 9/13
  7347 | D:8      | Reached ***** piety under Uskayaw
  8086 | D:8      | Reached skill level 5 in Invocations
  8170 | D:8      | Reached XP level 11. HP: 58/60 MP: 16/16
  8301 | D:9      | Found a staircase to the Lair.
  8420 | D:9      | Identified the +1 robe of the Hall of Blades {Str+5}
  8459 | D:9      | Found Oreruil's Antique Armour Shoppe.
  8520 | D:9      | Found a white marble altar of Elyvilon.
  8520 | D:9      | Noticed an orc knight
  8538 | D:9      | Killed an orc knight
  8605 | D:9      | Noticed a two-headed ogre
  8615 | D:9      | Killed a two-headed ogre
  8626 | D:9      | Noticed a two-headed ogre
  8634 | D:9      | Killed a two-headed ogre
  8664 | D:9      | Noticed a cyclops
  8664 | D:9      | Noticed a cyclops
  8685 | D:9      | Killed a cyclops
  8687 | D:9      | Killed a cyclops
  8696 | D:9      | Noticed a two-headed ogre
  8723 | D:9      | HP: 2/60 [two-headed ogre/the +10 dark maul {vorpal} (26)]
  8723 | D:9      | Slain by a two-headed ogre

Illustrated notes

Levels and vault maps discovered:
D:1:      ncdulo_wetmaze, layout_rooms, ebering_ecumenical_altar_petrified
D:2:      layout_basic, kennysheep_pointless_box, minmay_quadrilaterals,
          uniq_crazy_yiuf_cottage
D:3:      layout_basic, okawaru_ov_weapons_minmay, tgw_xom
D:4:      layout_basic, nicolae_overflow_hidden_temple,
          nicolae_ossuary_entry_false_entrances, gammafunk_ghost_mausoleum,
          uniq_sigmund
D:5:      layout_basic, serial_shops, nicolae_stop_n_shop_2, nrook_uturn,
          chequers_serial_rivers_marsh, uniq_ijyb
D:6:      layout_basic, nzn_hepliaklqana_mist_gate, trog_wizard, temple_green
D:7:      hellmonk_warped_wall, layout_basic, old_standard_altar, serial_rivers,
          chequers_serial_rivers_micro_d, chequers_serial_rivers_micro_c,
          chequers_serial_rivers_small_b, chequers_serial_rivers_small_3,
          chequers_serial_rivers_small_a, chequers_serial_rivers_micro_a,
          kennysheep_nondescript
D:8:      layout_basic
D:9:      layout_loops_cross, elyvilon_altar_4, minmay_lair_entry_grove,
          serial_shops, nicolae_shop_behind_doors, serial_bayou,
          serial_bayou_crossing, serial_bayou_pond_d, serial_bayou_lagoon_a,
          serial_bayou_pond_a, nicolae_concentric_dashed_squares_mild,
          hellmonk_guarded_unrand_dark_maul
Temple:   minmay_temple_curvy_loop

Skill      XL: |  1  2  3  4  5  6  7  8  9 10 11 |
---------------+----------------------------------+-----
Short Blades   | 2 3 4 5 6 8 |  8.6
Shields        | 3 4 5 |  5.0
Fighting       | 3 4 5 7 8 |  8.8
Armour         | 3 4 5 6 7 8 |  8.1
Invocations    | 3 5 6 |  6.7

Action                   |  1- 3 |  4- 6 |  7- 9 | 10-12 || total
-------------------------+-------+-------+-------+-------++-------
Melee: Rapier            |    97 |   133 |       |       ||   230
       Bite              |    18 |    55 |    89 |    82 ||   244
       Short sword       |       |    49 |   239 |   210 ||   498
Throw: Dart              |       |     2 |       |    13 ||    15
Invok: Line Pass         |       |       |       |     1 ||     1
  Use: Scroll            |       |     2 |     7 |    10 ||    19
       Potion            |       |       |     2 |     2 ||     4
 Stab: Sleeping          |       |     1 |       |       ||     1
       Paralysed         |       |       |     7 |    24 ||    31
Armor: Scale mail        |    50 |     9 |    66 |   128 ||   253
       Ring mail         |       |    55 |     7 |       ||    62
       Plate armour      |       |       |     6 |       ||     6
Dodge: Dodged            |    43 |    65 |    63 |    94 ||   265
Block: Buckler           |    26 |    45 |    58 |    72 ||   201
